 Dungeon Crawl Stone Soup version 0.29.1-2-gbd0b4ee654 (webtiles) character file.

Game seed: 12686286883718461933

64 Icepheonix32 the Ruffian (level 3, 0/27 HPs)
             Began as a Demigod Transmuter on Nov 7, 2022.
             Slain by a goblin
             ... wielding a +0 dagger
             ... led by Robin
              (2 damage)
             ... on level 2 of the Dungeon.
             The game lasted 00:02:07 (1077 turns).

Icepheonix32 the Ruffian (Demigod Transmuter)       Turns: 1077, Time: 00:02:07

Health: 0/27       AC:  2    Str: 13 (15) XL:     3   Next: 64%
Magic:  8/8        EV: 12    Int: 12 (15) God:
Gold:   30         SH:  0    Dex: 13 (14) Spells: 2/6 levels left

rFire   . . .      SeeInvis .     - Unarmed
rCold   . . .      Faith    .   (no shield)
rNeg    . . .      Spirit   .   a - +0 robe
rPois   .          Reflect  .   (no helmet)
rElec   .          Harm     .   (no cloak)
rCorr   .          Rampage  .   (no gloves)
Will    .....                   (no boots)
Stlth   +.........              (no amulet)
HPRegen 0.09/turn               (no ring)
MPRegen 0.11/turn               (no ring)

@: hasted, very quick
A: high MP 1, forlorn, divine attributes
a: no special abilities


You were on level 2 of the Dungeon.
You visited 1 branch of the dungeon, and saw 2 of its levels.

You collected 30 gold pieces.

Inventory:

Armour
 a - a +0 robe (worn)
 g - a +0 leather armour
Scrolls
 f - a scroll of noise {unknown}
 h - a scroll of vulnerability {unknown}
 j - 2 scrolls of identify {unknown}
 k - a scroll of magic mapping {unknown}
Potions
 b - a potion of lignification
 c - 2 potions of degeneration
 e - a potion of curing {unknown}
 i - a potion of invisibility {unknown}


   Skills:
 + Level 0.9 Fighting
 - Level 2.1 Dodging
 - Level 3.5 Unarmed Combat
 + Level 2.2 Spellcasting
 + Level 2.3 Transmutations


You had 2 spell levels left.
You knew the following spells:

 Your Spells              Type           Power      Damage    Failure   Level
a - Beastly Appendage     Tmut           12%        N/A       11%         1
b - Spider Form           Tmut/Pois      4%         N/A       45%         3

Your spell library contained the following spells:

 Spells                   Type           Power      Damage    Failure   Level
 Wereblood                Tmut           6%         N/A       16%         2
 Magic Dart               Conj           4%         1d3       26%         1
 Searing Ray              Conj           2%         2d4       38%         2
 Ice Form                 Ice/Tmut       4%         N/A       86%         4
 Fulminant Prism          Conj/Hex       0%         3d6       95%         4
 Iskenderun's Battlesphe  Conj           1%         2d6       100%        5
 Iron Shot                Conj/Erth      0%         9d1       100%        6
 Spellforged Servitor     Conj/Summ      0%         N/A       100%        7


Dungeon Overview and Level Annotations

Branches:
Dungeon (1/15)

Shops:
D:1 :

Annotations:
D:2 Robin


Innate Abilities, Weirdness & Mutations

You have an increased reservoir of magic. (+10% MP)
You shall have no god before yourself.
Your divine heritage dramatically boosts your attributes as you level up.


Message History

You hit Robin. Your headbutt misses Robin.
Robin is moderately wounded.
Robin throws the goblin at you! The goblin barely misses you.
You barely miss Robin.
Robin is moderately wounded.
Robin hits you but does no damage. The goblin hits you with a +0 dagger.
You barely miss Robin. You claw Robin. You headbutt Robin, but do no damage.
Robin is moderately wounded.
Your horns disappear.
Your talons disappear.
The goblin misses you. Robin hits you with a +0 spear.
You hit Robin.
Robin is severely wounded.
Robin hits you with a +0 spear. The goblin barely misses you.
You barely miss Robin.
Robin is severely wounded.
Robin barely misses you. The goblin hits you with a +0 dagger.
You closely miss Robin.
Robin is severely wounded.
You barely miss Robin.
Robin is severely wounded.
The goblin closely misses you. Robin hits you with a +0 spear.
You are too injured to fight recklessly!
Unknown command.
You barely miss the goblin.
The hobgoblin no longer looks unusually strong.
The goblin no longer looks unusually strong.
The goblin hits you with a +0 dagger. Robin hits you with a +0 spear.
* * * LOW HITPOINT WARNING * * *
Unknown command.
The goblin hits you with a +0 dagger.
* * * LOW HITPOINT WARNING * * *
Robin hits you from afar with a +0 spear.
* * * LOW HITPOINT WARNING * * *
It was a potion of degeneration.
There was something very wrong with that liquid.
You feel weakened.
You feel dopey.
You feel clumsy. Robin throws the goblin at you! The goblin misses you.
It was a potion of haste.
You feel yourself speed up. The goblin hits you with a +0 dagger.
You die...

#### #.. #.#
#######g#####.#
#......:.@g...#
#.#####)#######
#.#####.## ####
#......... ..#
########.#####.##
#.# .........#
#.# #.#####
########.# #.#
#...... #.# #:#
########..####
#.###
.......)..†.#


You could see Robin and a goblin.

Vanquished Creatures
  Jessica (D:2)
  An adder (D:2)
  2 dart slugs
  2 giant cockroaches (D:1)
  2 goblins (D:2)
  3 hobgoblins
  6 jackals (D:1)
  A quokka (D:1)
  A ball python (D:1)
  2 frilled lizards
  2 rats
23 creatures vanquished.

Notes
Turn   | Place    | Note
-------+----------+-------------------------------------------
     0 | D:1      | Icepheonix32 the Demigod Transmuter began the quest for the
                  | Orb.
     0 | D:1      | Reached XP level 1. HP: 15/15 MP: 5/5
   301 | D:1      | Reached XP level 2. HP: 17/22 MP: 5/7
   303 | D:1      | Reached skill level 3 in Unarmed Combat
   486 | D:1      | Found Heytyas's Vocational Training.
   856 | D:1      | You fall into a shaft and drop 1 floor!
   891 | D:2      | Noticed Jessica
   898 | D:2      | Killed Jessica
   899 | D:2      | Reached XP level 3. HP: 27/27 MP: 6/8
   970 | D:2      | Learned a level 3 spell: Spider Form
  1053 | D:2      | Noticed Robin
  1077 | D:2      | Slain by a goblin

Illustrated notes

Levels and vault maps discovered:
D:1:      co_arrival_random_square_maze, layout_basic, basic_ecumenical_altar,
          minmay_crystal_room, eino_curves_03, nrook_mini_vaults,
          minmay_misc_feat_room, nicolae_shop_vocational
D:2:      layout_loops_ring, minmay_rat_hole, uniq_robin, uniq_jessica

Skill      XL: |  1  2 |
---------------+-------+-----
Dodging        | 2 |  2.1
Transmutations | 2 |  2.3
Unarmed Combat | 3 |  3.5
Spellcasting   | 2 |  2.2
Fighting       | |  0.9

Action                   || total
-------------------------++-------
Melee: Unarmed           ||    57
       Kick              ||    13
       Headbutt          ||     5
       Punch             ||     2
 Cast: Beastly Appendage ||    15
  Use: Potion            ||     2
Armor: Robe              ||    10
Dodge: Dodged            ||    42
